 Dungeon Crawl Stone Soup version 0.20-a0-869-gcf33cab (webtiles) character file.

32 M4edhros the Sneak (level 3, -4/23 HPs)
             Began as an Octopode Artificer on Mar 13, 2017.
             Killed from afar by an orc wizard (7 damage)
             ... with a magic dart
             ... on level 3 of the Dungeon.
             The game lasted 00:00:46 (620 turns).

M4edhros the Sneak (Octopode Artificer)              Turns: 620, Time: 00:00:47

Health: -4/23      AC:  1    Str: 11    XL:     3   Next: 25%
Magic:  5/5        EV: 13    Int: 18    God:
Gold:   54         SH:  0    Dex: 13    Spells: 2/2 levels left

rFire    . . .     SeeInvis .   a - +0 short sword
rCold    + . .     Gourm    .   (no shield)
rNeg     . . .     Faith    .   (helmet restricted)
rPois    .         Spirit   .   (no amulet)
rElec    .         Reflect  .   e - ring of protection from cold
rCorr    .         Harm     .   (no ring)
MR       .....                  (no ring)
Stlth    ++++......             (no ring)
Regen    0.1/turn               (no ring)
MPRegen  0.1/turn               (no ring)
                                (no ring)
                                (no ring)

@: brilliant
A: almost no armour, stealthy swim, amphibious, 8 rings, constrict 8, camouflage
1, gelatinous body 1
a: no special abilities


You were on level 3 of the Dungeon.
You were not hungry.

You visited 1 branch of the dungeon, and saw 3 of its levels.

You collected 54 gold pieces.

Inventory:

Hand Weapons
 a - a +0 short sword (weapon)
Missiles
 m - 17 sling bullets
Jewellery
 e - a ring of protection from cold (left tentacle)
Wands
 b - a wand of flame (15/48)
 c - a wand of enslavement (15/24)
 d - a wand of random effects (15/48)
Scrolls
 g - a scroll of teleportation {unknown}
 i - a scroll of identify {unknown}
 j - a scroll of remove curse {unknown}
 l - a scroll of fear {unknown}
Comestibles
 f - 2 bread rations
 n - a meat ration


   Skills:
 - Level 1.0 Fighting
 - Level 1.0 Short Blades
 - Level 2.0 Dodging
 + Level 4.5 Stealth
 - Level 3.2 Evocations


You had 2 spell levels left.
You didn't know any spells.

Dungeon Overview and Level Annotations

Branches:
Dungeon (3/15)

Altars:

Annotations:
D:2 Jessica


Innate Abilities, Weirdness & Mutations

You cannot wear most types of armour.
You are very stealthy in the water. (Stealth+)
You are amphibious.
You can wear up to eight rings at the same time.
You can use your tentacles to constrict eight enemies at once.
Your skin changes colour to match your surroundings (Stealth+).
Your rubbery body absorbs attacks. (AC +1, EV +1)


Message History

You constrict the jackal. The jackal bites you.
You hit the jackal but do no damage.
The jackal is severely wounded.
You constrict the jackal. The jackal barely misses you.
You completely miss the jackal. Your squeeze misses the jackal.
The jackal is almost dead.
You constrict the jackal.
You kill the jackal!
You swing at nothing.
You swing at nothing.
The orc wizard casts a spell at you. The magic dart hits you!
You closely miss the orc wizard. Your grab misses the orc wizard.
Your squeeze misses the orc wizard. The orc wizard hits you with a dagger.
* * * LOW HITPOINT WARNING * * *
You hit the orc wizard. Your grab misses the orc wizard.
The orc wizard is lightly wounded.
The orc wizard points at you and mumbles some strange words.
The magic dart hits you!
You die...

### #######[#
........# #@#
#### #o# ..#
#.#####.#
#...hhho#########
######.hh.......#
#...........#
#...K$......#
#....h......#
#.####g######


You could see an orc wizard.

Vanquished Creatures
  2 dart slugs (D:1)
  2 giant cockroaches (D:1)
  3 goblins (D:1)
  3 hobgoblins (D:1)
  7 jackals (D:3)
  3 kobolds
  A bat (D:1)
  A frilled lizard (D:1)
  A rat (D:1)
23 creatures vanquished.

Notes
Turn   | Place    | Note
-------+----------+-------------------------------------------
     0 | D:1      | M4edhros the Octopode Artificer began the quest for the Orb.
     0 | D:1      | Reached XP level 1. HP: 13/13 MP: 3/3
    19 | D:1      | Reached skill level 2 in Stealth
   127 | D:1      | Reached skill level 3 in Stealth
   127 | D:1      | Reached XP level 2. HP: 18/18 MP: 4/4
   557 | D:2      | Noticed Jessica
   597 | D:3      | Reached skill level 4 in Stealth
   599 | D:3      | Reached XP level 3. HP: 19/23 MP: 5/5
   620 | D:3      | Killed from afar by an orc wizard

Vault maps used:
D:1:      nicolae_arrival_washed_ashore
D:2:      uniq_terence, uniq_jessica, uniq_sigmund
D:3:      st_stairs_4

Skill      XL: |  1  2 |
---------------+-------+-----
Stealth        | 3 4 |  4.5
Fighting       | |  1.0
Short Blades   | |  1.0
Dodging        | |  2.0
Evocations     | |  3.2

Action                   || total
-------------------------++-------
Melee: Short sword       ||    61
       Constrict         ||    15
       Tentacles         ||     9
  Use: Potion            ||     2
 Stab: Sleeping          ||     2
       Distracted        ||     1
Armor: Skin              ||     7
Dodge: Dodged            ||    53
